 Dungeon Crawl Stone Soup version 0.24-a0-778-g74da537585 (webtiles) character file.

Game seed: 18409629548690915563, levelgen mode: deterministic

237 Arixos the Magician (level 5, 0/28 HPs)
             Began as a Deep Elf Wizard on Oct 7, 2019.
             Killed from afar by an orc wizard (9 damage)
             ... with a magic dart
             ... on level 6 of the Dungeon.
             The game lasted 00:21:13 (3988 turns).

Arixos the Magician (Deep Elf Wizard)               Turns: 3988, Time: 00:21:13

Health: 0/28       AC:  2    Str:  4    XL:     5   Next: 77%
Magic:  3/14       EV: 14    Int: 24    God:
Gold:   192        SH:  0    Dex: 13    Spells: 3/14 levels left

rFire    . . .     SeeInvis .   p - +2 dagger (speed)
rCold    . . .     Gourm    .   (no shield)
rNeg     . . .     Faith    .   a - +0 robe
rPois    .         Spirit   .   b - +0 hat
rElec    .         Reflect  .   (no cloak)
rCorr    .         Harm     .   (no gloves)
MR       .....                  (no boots)
Stlth    ++........             (no amulet)
HPRegen  0.09/turn              (no ring)
MPRegen  0.14/turn              (no ring)

@: very slightly contaminated, slowed, very slow
A: no striking features
a: no special abilities


You were on level 6 of the Dungeon.
You were not hungry.

You visited 1 branch of the dungeon, and saw 5 of its levels.

You collected 192 gold pieces.

Inventory:

Hand Weapons
 p - a +2 dagger of speed (weapon)
Armour
 a - a +0 robe (worn)
 b - a +0 hat (worn)
Scrolls
 e - a scroll of amnesia
 g - 5 scrolls of identify
 i - a scroll of remove curse
Potions
 h - a potion of curing
 j - a potion of mutation
Comestibles
 d - 9 rations


   Skills:
 + Level 3.9 Dodging
 - Level 2.4 Stealth
 + Level 5.4 Spellcasting
 + Level 2.8 Conjurations
 + Level 2.1 Summonings
 + Level 2.0 Translocations
 + Level 1.5 Fire Magic
 + Level 1.2 Air Magic
 + Level 1.4 Poison Magic


You had 3 spell levels left.
You knew the following spells:

 Your Spells              Type           Power        Failure   Level  Hunger
a - Magic Dart            Conj           ###.         2%          1    None
c - Mephitic Cloud        Conj/Pois/Air  ###.....     12%         3    #......
e - Blink                 Tloc           N/A          5%          2    None
f - Conjure Flame         Conj/Fire      ###.....     10%         3    #......
i - Call Imp              Summ           ###.....     5%          2    None

Your spell library contained the following spells:

 Spells                   Type           Power        Failure   Level  Hunger
 Slow                     Hex            #.......     13%         2    None


Dungeon Overview and Level Annotations

Branches:
Dungeon (4/15)
 Temple: D:4-7

Altars:
Zin


Message History

Your crimson imp hits the orc wizard but does no damage.
The orc priest begins to cast a cantrip, but forgets the words!
The ogre closely misses your crimson imp.
Your crimson imp misses the orc wizard.
The orc wizard casts a spell.
The orc wizard blinks!
The bullfrog closely misses you.
Casting: Blink (safe; 5% risk of failure)
Confirm with . or Enter, or press ? or * to list all spells.
You blink.
The orc wizard closely misses you.
The orc priest hits your crimson imp but does no damage.
Your crimson imp blinks!
The orc wizard hits you but does no damage.
An orc priest comes into view. It is wielding a +0 hand axe.
The orc priest shouts!
You hear a shout!
The orc wizard closely misses you.
An orc comes into view. It is wielding a +0 flail.
The orc priest shouts!
The orc wizard gestures at you while chanting.
The magic dart hits you!
You die...

#. ...
#################..#
#....>..............
#..##########§....#..
o#...# #.o...### ooo.##
########........
##o.o.####.F.o.OoO.....##
# #....@.o######.....###
#.....##########.....#..
#.### #[...............
#########........
##########O.......
.O.....§?.....$...
#########.........
#.####.### #.# .#


You could see an orc warrior (wandering), an ogre, a bullfrog, 2 orc priests, 2
orc wizards and 2 orcs.

Vanquished Creatures
  A bullfrog (D:3)
  A scorpion (D:4)
  5 adders
  A worm (D:2)
  A dart slug (D:2)
  2 leopard geckos (D:3)
  An orc (D:3)
  A ball python (D:1)
  9 bats
  5 giant cockroaches
  17 goblins
  6 hobgoblins
  A jackal (D:2)
  4 frilled lizards
  2 kobolds
  8 rats
65 creatures vanquished.

Vanquished Creatures (collateral kills)
  Robin (D:3)
  2 worms
  A dart slug (D:3)
  A bat (D:2)
  2 goblins (D:3)
  4 hobgoblins
  10 jackals
  A frilled lizard (D:3)
22 creatures vanquished.

Vanquished Creatures (others)
  An orc (D:3)
1 creature vanquished.

Grand Total: 88 creatures vanquished

Notes
Turn   | Place    | Note
-------+----------+-------------------------------------------
     0 | D:1      | Arixos the Deep Elf Wizard began the quest for the Orb.
     0 | D:1      | Reached XP level 1. HP: 10/10 MP: 7/7
   101 | D:1      | Reached XP level 2. HP: 15/15 MP: 3/9
   157 | D:1      | Learned a level 2 spell: Blink
   160 | D:1      | Learned a level 2 spell: Call Imp
   842 | D:1      | Reached XP level 3. HP: 19/19 MP: 9/11
   847 | D:1      | Learned a level 3 spell: Conjure Flame
   851 | D:1      | Learned a level 3 spell: Mephitic Cloud
  1291 | D:2      | Reached skill level 5 in Spellcasting
  2012 | D:2      | Reached XP level 4. HP: 24/24 MP: 11/13
  2488 | D:3      | Noticed Robin
  2774 | D:3      | Reached skill level 1 in Fire Magic
  3132 | D:3      | Killed Robin
  3216 | D:3      | Found a glowing silver altar of Zin.
  3417 | D:3      | Noticed a bullfrog
  3440 | D:3      | Killed a bullfrog
  3440 | D:3      | Reached skill level 1 in Poison Magic
  3440 | D:3      | Reached XP level 5. HP: 12/28 MP: 6/14
  3448 | D:3      | Reached skill level 1 in Air Magic
  3652 | D:3      | Found a faded altar of an unknown god.
  3736 | D:4      | HP: 2/42 [poisoned by a scorpion]
  3935 | D:4      | You fall into a shaft and drop 2 floors!
  3947 | D:6      | Noticed an orc warrior
  3973 | D:6      | Noticed an ogre
  3980 | D:6      | Noticed an ogre
  3988 | D:6      | Killed from afar by an orc wizard

Levels and vault maps discovered:
D:1:      moated_graveyard_arrival, layout_basic, minivault_23,
          minmay_heptomino_w4
D:2:      layout_basic
D:3:      layout_rooms, zin_statuary, chequers_ecumenical_altar_lobes,
          hangedman_feature_mirror, uniq_robin
D:4:      layout_rooms, first_ration, portal_sewer_entry_d
D:6:      layout_rooms, lemuel_doored_altar, nicolae_tso_swordbearing_angel

Skill      XL: |  1  2  3  4  5 |
---------------+----------------+-----
Dodging        | 3 |  3.9
Conjurations   | 2 |  2.8
Spellcasting   | 5 |  5.4
Fire Magic     | 1 |  1.5
Poison Magic   | 1 |  1.4
Air Magic      | 1 |  1.2
Summonings     | 2 |  2.1
Translocations | 2 |  2.0
Stealth        | |  2.4

Action                   |  1- 3 |  4- 6 || total
-------------------------+-------+-------++-------
Melee: Unarmed           |     5 |       ||     5
       Dagger            |       |    29 ||    29
 Cast: Magic Dart        |    80 |    56 ||   136
       Call Imp          |     6 |    25 ||    31
       Mephitic Cloud    |     1 |     2 ||     3
       Blink             |       |     7 ||     7
  Use: Scroll            |       |     6 ||     6
       Potion            |       |     2 ||     2
 Stab: Confused          |     1 |       ||     1
       Sleeping          |     1 |       ||     1
  Eat: Chunk             |     3 |     6 ||     9
Armor: Robe              |     3 |    11 ||    14
Dodge: Dodged            |    12 |    45 ||    57

Table legend:
 A = Non-vault XP
 B = Vault XP
 C = Vault XP percentage of total XP
 D = Non-vault monster count
 E = Vault monster count
 F = Vault count percentage of total count
                 A         B        C        D         E       F
            +---------+---------+-------+---------+---------+-------
      Total |     301 |      38 |  11.2 |      68 |      20 |  22.7
            +---------+---------+-------+---------+---------+-------
        D:1 |      38 |       9 |  19.1 |      26 |       5 |  16.1
        D:2 |      58 |       4 |   6.5 |      21 |       2 |   8.7
        D:3 |     118 |      25 |  17.5 |      19 |      13 |  40.6
        D:4 |      87 |       0 |   0.0 |       2 |       0 |   0.0
            +---------+---------+-------+---------+---------+-------
